 Dungeon Crawl Stone Soup version 0.22.1-1-ga44c0e56f4 (webtiles) character file.

6619 OdinFK the Protected (level 10, 0/79 HPs)
             Began as a Demonspawn Abyssal Knight on Oct 17, 2018.
             Was a High Priest of Lugonu.
             Slain by a death yak (19 damage)
             ... on level 9 of the Dungeon.
             The game lasted 00:41:41 (9216 turns).

OdinFK the Protected (Demonspawn Abyssal Knight)    Turns: 9216, Time: 00:41:42

Health: 0/79       AC: 22    Str: 21    XL:     10   Next: 72%
Magic:  12/12      EV:  7    Int: 13    God:    Lugonu [*****.]
Gold:   430        SH:  4    Dex: 12    Spells: 9/9 levels left

rFire    + . .     SeeInvis .   V - +4 long sword (freeze)
rCold    . . .     Gourm    .   R - +0 buckler
rNeg     . . .     Faith    .   U - +0 plate armour
rPois    .         Spirit   .   (no helmet)
rElec    .         Reflect  .   (no cloak)
rCorr    .         Harm     .   A - +2 pair of gloves
MR       .....                  K - +2 pair of boots
Stlth    ..........             x - amulet of magic regeneration
HPRegen  0.23/turn              y - +4 ring of strength
MPRegen  0.38/turn              J - ring of protection from fire

@: no status effects
A: thin metallic scales 1, nightstalker 2, powered by pain 3
a: Depart the Abyss, Bend Space, Banish, Corrupt, Enter the Abyss, Renounce
Religion


You were on level 9 of the Dungeon.
You worshipped Lugonu.
Lugonu was extremely pleased with you.
You were not hungry.

You visited 1 branch of the dungeon, and saw 10 of its levels.
You visited the Abyss 1 time.
You also visited: Ossuary.

You collected 773 gold pieces.
You spent 343 gold pieces at shops.

Inventory:

Hand Weapons
 v - a +1 scimitar
 V - a +4 long sword of freezing (weapon)
Armour
 A - a +2 pair of gloves (worn)
 K - a +2 pair of boots (worn)
 R - a +0 buckler (worn)
 U - a +0 plate armour (worn)
Jewellery
 x - an amulet of magic regeneration (around neck)
 y - a +4 ring of strength (left hand)
 J - a ring of protection from fire (right hand)
 Y - an uncursed ring of resist corrosion
Wands
 b - a wand of enslavement (30)
 g - a wand of polymorph (26)
 w - a wand of disintegration (21)
 E - a wand of iceblast (8)
 I - a wand of random effects (34)
 P - a wand of flame (23)
 T - a wand of scattershot (6)
 X - a wand of paralysis (13)
Scrolls
 a - a scroll of silence
 i - 4 scrolls of amnesia
 j - 3 scrolls of blinking
 m - 4 scrolls of remove curse
 o - 2 scrolls of enchant armour
 p - a scroll of random uselessness
 r - 3 scrolls of immolation
 s - a scroll of fog {unknown}
 t - a scroll of fear {unknown}
 C - a scroll of torment {unknown}
 H - 2 scrolls of enchant weapon
 M - 2 scrolls of teleportation {unknown}
 N - a scroll of magic mapping {unknown}
 Q - a scroll of identify
Potions
 d - 4 potions of haste
 e - 2 potions of ambrosia
 f - 3 potions of flight
 h - 9 potions of curing
 k - 2 potions of magic
 l - 3 potions of might
 n - 3 potions of brilliance
 q - a potion of berserk rage
 u - 2 potions of heal wounds {unknown}
 z - 2 potions of invisibility
 B - a potion of mutation {unknown}
 D - 2 potions of agility {unknown}
 F - 3 potions of lignification {unknown}
 G - 2 potions of resistance {unknown}
 L - a potion of degeneration {unknown}
Comestibles
 c - 19 rations


   Skills:
 + Level 7.5 Fighting
   Level 7.3(8.5) Short Blades
 + Level 6.6(8.2) Long Blades
 + Level 8.3 Armour
 + Level 3.1 Dodging
 - Level 1.0 Stealth
 + Level 1.9 Shields
 + Level 2.4 Invocations
 + Level 2.7 Evocations


You had 9 spell levels left.
You didn't know any spells.
Your spell library contained the following spells:

 Spells                   Type           Power        Failure   Level  Hunger
 Flame Tongue             Conj/Fire      #....        100%        1    ##.....
 Throw Flame              Conj/Fire      #.....       100%        2    ###....
 Conjure Flame            Conj/Fire      #.......     100%        3    ####...
 Inner Flame              Hex/Fire       #.......     100%        3    ####...
 Sticky Flame             Conj/Fire      #.......     100%        4    #####..
 Fireball                 Conj/Fire      #.........   100%        5    ######.


Dungeon Overview and Level Annotations

Branches:
Dungeon (10/15)            Temple (0/1) D:4             Orc (0/2) D:9
   Lair: D:8-11

Altars:
Ashenzari
Cheibriados
Elyvilon
Fedhas
Makhleb
Okawaru
Qazlal
Uskayaw
Xom
Zin

Shops:
D:9 ?

Annotations:
D:5 3 runed doors, Gargoyl's ghost, novice CeAK; wiperr's ghost, amateur DsGl


Innate Abilities, Weirdness & Mutations

You are partially covered in thin metallic scales. (AC +2)
You are significantly more attuned to the shadows.
You are powered by pain.


Message History

The death yak is heavily wounded.
The death yak barely misses you.
You hit the death yak but do no damage.
The death yak is heavily wounded.
The death yak gores you but does no damage.
As you read the scroll labeled CAUVATZYLO, it crumbles to dust.
It is a scroll of enchant weapon.
Your +3 long sword of freezing glows red for a moment.
The death yak gores you but does no damage.
You hit the death yak but do no damage.
The death yak is heavily wounded.
The death yak gores you but does no damage.
You slash the death yak! You freeze the death yak.
The death yak is severely wounded.
The death yak gores you!
* * * LOW HITPOINT WARNING * * *
As you read the scroll labeled URELUA COCLOH, it crumbles to dust.
Your +4 long sword of freezing glows faint red for a moment.
It was a scroll of random uselessness.
The death yak gores you!!
You die...

#.##)# #.# #.##.# #.#
#.#..#####.##
#..........>#########
###.##.....<.........
#<##......#########
#.........#######
#.....>.........#
#.@Y......#####.###
#.##...#####.......
#.##...#####.######
#(.....).....#
##############


You could see a death yak.

Vanquished Creatures
  3 two-headed ogres
  A polar bear (D:7)
  A hippogriff (D:10)
  Sigmund (D:6)
  3 yaks (D:9)
  Edmund (D:6)
  A water moccasin (D:6)
  An orc warrior (D:10)
  4 ice beasts
  A black bear (D:10)
  2 necrophages (D:10)
  A phantom (D:6)
  3 ogres
  A wolf (D:7)
  6 centaurs
  A big kobold (D:9)
  4 bullfrogs
  2 scorpions (D:7)
  3 killer bees
  4 wights
  An electric eel (D:8)
  4 crimson imps (D:5)
  A howler monkey (D:4)
  3 jellies
  A centaur skeleton (D:7)
  9 orc wizards
  3 orc priests
  4 hounds
  A gnoll shaman (D:8)
  3 iguanas
  A bullfrog skeleton (D:6)
  Terence (D:3)
  5 worker ants
  A big kobold zombie (Ossuary)
  2 hound skeletons
  10 mummies
  A howler monkey zombie (D:5)
  A worker ant zombie (D:7)
  7 gnolls
  10 adders
  2 white imps (D:8)
  An ooze (D:1)
  An adder zombie (D:8)
  5 worms
  5 dart slugs
  7 leopard geckos
  26 orcs
  5 giant cockroaches
  3 gnoll zombies (Ossuary)
  6 hobgoblins
  7 jackals
  2 quokkas
  3 ball pythons
  9 bats
  2 frilled lizards
  A giant cockroach zombie (D:5)
  9 goblins
  2 goblin zombies (D:6)
  A hobgoblin zombie (Ossuary)
  9 kobolds
  3 kobold zombies (Ossuary)
  3 rats
225 creatures vanquished.

Notes
Turn   | Place    | Note
-------+----------+-------------------------------------------
     0 | Abyss:1  | OdinFK the Demonspawn Abyssal Knight began the quest for
                  | the Orb.
     0 | Abyss:1  | Reached XP level 1. HP: 18/18 MP: 2/2
    77 | D:1      | Escaped the Abyss
   158 | D:1      | Reached skill level 2 in Armour
   190 | D:1      | Reached skill level 1 in Dodging
   211 | D:1      | Gained mutation: You are partially covered in thin metallic
                  | scales. (AC +2) [demonic ancestry]
   211 | D:1      | Reached XP level 2. HP: 19/24 MP: 3/3
   406 | D:1      | Gained mutation: You sometimes gain a little power by
                  | taking damage. [demonic ancestry]
   406 | D:1      | Reached XP level 3. HP: 30/30 MP: 4/4
   799 | D:2      | Reached ** piety under Lugonu
   828 | D:2      | Reached XP level 4. HP: 37/37 MP: 5/5
  1428 | D:2      | Found a shimmering altar of Xom.
  1450 | D:2      | Found a shimmering altar of Xom.
  1451 | D:2      | Found a shimmering altar of Xom.
  1451 | D:2      | Found a shimmering altar of Xom.
  2089 | D:3      | Noticed Terence
  2142 | D:3      | Killed Terence
  2142 | D:3      | Gained mutation: You are slightly more attuned to the
                  | shadows. [demonic ancestry]
  2142 | D:3      | Reached XP level 5. HP: 34/42 MP: 6/6
  2559 | D:3      | Found a white marble altar of Elyvilon.
  2568 | D:3      | Found a hide-covered altar of Uskayaw.
  2568 | D:3      | Found a glowing silver altar of Zin.
  2572 | D:3      | Found a shattered altar of Ashenzari.
  2703 | D:4      | Reached *** piety under Lugonu
  2747 | D:4      | Found a stormy altar of Qazlal.
  2770 | D:4      | Reached skill level 3 in Armour
  2770 | D:4      | Gained mutation: You are significantly more attuned to the
                  | shadows. [demonic ancestry]
  2770 | D:4      | Reached XP level 6. HP: 44/49 MP: 7/7
  2835 | D:4      | Found a burning altar of Makhleb.
  3103 | D:4      | Found a staircase to the Ecumenical Temple.
  3431 | D:5      | Entered Level 5 of the Dungeon
  3448 | D:5      | Reached skill level 5 in Long Blades
  3448 | D:5      | Gained mutation: You sometimes gain power by taking damage.
                  | [demonic ancestry]
  3448 | D:5      | Reached XP level 7. HP: 52/55 MP: 8/8
  3961 | D:4      | Reached skill level 4 in Armour
  4136 | D:5      | Found a runed gate.
  4189 | D:5      | Found a runed gate.
  4190 | D:5      | Found a runed gate.
  4191 | D:5      | Noticed Gargoyl's ghost (novice CeAK)
  4192 | D:5      | Noticed wiperr's ghost (amateur DsGl)
  4467 | D:6      | Reached skill level 5 in Fighting
  4467 | D:6      | Reached skill level 1 in Short Blades
  4467 | D:6      | Reached skill level 1 in Stealth
  4690 | D:6      | Reached XP level 8. HP: 37/62 MP: 9/9
  4812 | D:6      | Reached skill level 5 in Armour
  4946 | D:6      | Found a sand-covered staircase.
  4955 | Ossuary  | Entered an ossuary
  5058 | Ossuary  | Reached **** piety under Lugonu
  5406 | D:6      | Reached skill level 1 in Evocations
  5577 | D:6      | Noticed Sigmund
  5619 | D:6      | Reached skill level 6 in Armour
  5703 | D:6      | Killed Sigmund
  5809 | D:6      | Noticed Edmund
  5821 | D:6      | Killed Edmund
  5821 | D:6      | Gained mutation: You are powered by pain. [demonic
                  | ancestry]
  5821 | D:6      | Reached XP level 9. HP: 55/69 MP: 10/10
  5842 | D:6      | Found a snail-covered altar of Cheibriados.
  5906 | D:6      | Noticed a two-headed ogre
  5911 | D:6      | Killed a two-headed ogre
  5911 | D:6      | Reached skill level 5 in Short Blades
  6334 | D:7      | Reached skill level 7 in Armour
  6438 | D:7      | Reached ***** piety under Lugonu
  6606 | D:7      | Found an iron altar of Okawaru.
  6858 | D:8      | Noticed a polar bear
  6913 | D:7      | Killed a polar bear
  7050 | D:8      | Reached XP level 10. HP: 69/77 MP: 11/11
  7066 | D:8      | Noticed a two-headed ogre
  7085 | D:8      | Killed a two-headed ogre
  7520 | D:8      | Found a blossoming altar of Fedhas.
  8161 | D:9      | Found Weifyrol's Magic Scroll Shop.
  8166 | D:9      | Bought a scroll of blinking for 97 gold pieces
  8166 | D:9      | Bought a scroll of enchant armour for 97 gold pieces
  8166 | D:9      | Bought a scroll of silence for 97 gold pieces
  8166 | D:9      | Bought a scroll of identify for 26 gold pieces
  8166 | D:9      | Bought a scroll of identify for 26 gold pieces
  8295 | D:9      | Noticed a two-headed ogre
  8299 | D:9      | Killed a two-headed ogre
  8299 | D:9      | Reached skill level 8 in Armour
  8299 | D:9      | Reached skill level 1 in Shields
  8517 | D:9      | Found a staircase to the Orcish Mines.
  8773 | D:10     | Entered Level 10 of the Dungeon
  9168 | D:10     | Noticed a death yak
  9192 | D:10     | Noticed a death yak
  9194 | D:10     | Noticed a death yak
  9216 | D:9      | Slain by a death yak

Skill      XL: |  1  2  3  4  5  6  7  8  9 10 |
---------------+-------------------------------+-----
Armour         | 2 3 4 6 7 8 |  8.3
Dodging        | 1 2 3 |  3.1
Long Blades    | 2 3 4 5 6 |  6.6
Fighting       | 4 5 6 7 |  7.5
Short Blades   | 1 4 6 7 |  7.3
Stealth        | 1 |  1.0
Evocations     | 1 2 |  2.7
Shields        | 1 |  1.9
Invocations    | |  2.4

Action                   |  1- 3 |  4- 6 |  7- 9 | 10-12 || total
-------------------------+-------+-------+-------+-------++-------
Melee: Falchion          |    76 |   213 |       |       ||   289
       Dagger            |       |    65 |   503 |    96 ||   664
       Long sword        |       |       |       |   145 ||   145
Evoke: Wand              |       |       |    15 |     4 ||    19
  Use: Scroll            |       |     3 |     4 |     9 ||    16
  Eat: Chunk             |       |     9 |     9 |     8 ||    26
       Ration            |       |       |     1 |       ||     1
Armor: Ring mail         |    44 |     6 |       |       ||    50
       Leather armour    |     2 |       |       |       ||     2
       Chain mail        |       |   170 |   192 |       ||   362
       Plate armour      |       |       |    63 |   122 ||   185
Dodge: Dodged            |    51 |    80 |   181 |    63 ||   375
Block: Buckler           |       |       |     3 |    40 ||    43
       Rpst.: Falchion   |    22 |    24 |       |       ||    46
       Long sword        |       |       |       |    16 ||    16
